 Dungeon Crawl Stone Soup version 0.30-a0-949-g53dc5368d7 (webtiles) character file.

Game seed: 4278162676778511507

619 ytrimaz the Unbeliever (level 7, -8/52 HPs)
             Began as a Formicid Fighter on Mar 27, 2023.
             Mangled by an ogre
             ... wielding a +0 giant club
              (23 damage)
             ... on level 5 of the Dungeon.
             The game lasted 00:05:18 (4197 turns).

ytrimaz the Unbeliever (Formicid Fighter)           Turns: 4197, Time: 00:05:19

Health: -8/52      AC:  6    Str: 28    XL:     7   Next: 74%
Magic:  12/12      EV:  9    Int:  8    God:
Gold:   111        SH:  6    Dex: 19    Spells: 6/6 levels left

rFire   . . .      SeeInvis +    a - +0 war axe
rCold   . . .      Faith    .    c - +0 buckler
rNeg    . . .      Spirit   .    b - +0 scale mail
rPois   .          Reflect  .    (helmet unavailable)
rElec   .          Rampage  .    (no cloak)
rCorr   .                        (no gloves)
Will    .....                    (no boots) Stlth
                                 (no amulet)
HPRegen 0.28/turn                i - +6 ring of dexterity
MPRegen 0.13/turn                m - +6 ring of strength

@: no status effects
A: permanent stasis, dig shafts and tunnels, antennae 3, four strong arms
a: Dig, Shaft Self


You were on level 5 of the Dungeon.
You visited 1 branch of the dungeon, and saw 5 of its levels.

You collected 338 gold pieces.
You spent 227 gold pieces at shops.


Innate Abilities, Weirdness & Mutations

You cannot be hasted, slowed, berserked, paralysed or teleported.
You can dig through walls and to a lower floor.
You have a pair of large antennae on your head. (SInv)
Your four strong arms can wield two-handed weapons with a shield.


   Skills:
 - Level 3.2 Fighting
 + Level 5.4 Axes
 - Level 3.2 Armour
 - Level 4.0 Shields
 - Level 7.0 Invocations


You had 6 spell levels left.
You didn't know any spells.
Your spell library was empty.

Inventory:

Hand Weapons
 a - a +0 war axe (weapon)
Armour
 b - a +0 scale mail (worn)
 c - a +0 buckler (worn)
 p - a +0 tower shield
   (You found it on level 3 of the Dungeon)
Jewellery
 i - a +6 ring of dexterity (left hand)
   (You found it on level 2 of the Dungeon)
 k - a ring of fire
   (You found it on level 4 of the Dungeon)
 m - a +6 ring of strength (right hand)
   (You found it on level 2 of the Dungeon)
 n - a ring of fire
   (You found it on level 3 of the Dungeon)
Wands
 s - a wand of iceblast (7) (quivered)
   (You found it on level 3 of the Dungeon)
Scrolls
 f - a scroll of fog
 h - a scroll of noise
 l - 2 scrolls of identify
 o - a scroll of fear
 q - a scroll of immolation
 t - a scroll of enchant weapon
Potions
 d - a potion of might
 e - a potion of flight
 g - 2 potions of mutation
 j - 2 potions of ambrosia
 r - a potion of heal wounds

Dungeon Overview and Level Annotations

Branches:
Dungeon (5/15) Zot: 25696
 Temple: D:4-7

Altars:
Fedhas
Kikubaaqudgha
Zin
The Shining One

Shops:
D:3 ? D:4

[==?* ........#
. ...#...# #
..#......#.#
.........#.####
...............
...........#.#
.......O.....#
.....##@##.####
..............#
[.#####.##.##?#
#.# # #.# #<#
###


You could see an ogre.


Message History

No target in view!
A nearby plant withers and dies.
A gnoll is nearby! 😎 HP[+1]
Your hp is fully restored (52).
A gnoll is nearby!
A gnoll is nearby!
The gnoll shouts!
A hobgoblin comes into view.
You block the gnoll's attack.
The hobgoblin shouts!
The gnoll barely misses you.
You hit the gnoll. You block the gnoll's attack.
You slash the gnoll!
You kill the gnoll!
Unknown command.
The hobgoblin closely misses you.
Things that are here:
a +0 halberd; 6 gold pieces; a gnoll corpse You hit the hobgoblin but do no damage.
The hobgoblin completely misses you.
You hit the hobgoblin but do no damage. You block the hobgoblin's attack.
The hobgoblin closely misses you.
Unknown command.
You barely miss the hobgoblin. The hobgoblin completely misses you.
You barely miss the hobgoblin. The hobgoblin barely misses you.
You closely miss the hobgoblin. You block the hobgoblin's attack.
You closely miss the hobgoblin. You block the hobgoblin's attack.
The hobgoblin hits you but does no damage.
Unknown command.
You barely miss the hobgoblin.
The hobgoblin hits you but does no damage.
You hit the hobgoblin but do no damage. The hobgoblin hits you. 😕 HP[-3]
You take 3 damage, and now have 49/52 hp.
You barely miss the hobgoblin.
You block the hobgoblin's attack. 😕 HP[+1] Unknown command.
You slash the hobgoblin!
You kill the hobgoblin! 😕 HP[+1]
You now have 111 gold pieces (gained 6).
Things that are here:
a +0 halberd; a gnoll corpse
There is an entrance to Mierual's Assorted Antiques here. 😎 HP[+1]
Your hp is fully restored (52).
Found an escape hatch in the ceiling.
Found an ancient bone altar of Kikubaaqudgha.
Miasma emanates from the human's flesh.
The human shouts!
The human is engulfed in dark miasma.
The human is poisoned.
The human seems to slow down.
The human is no longer moving slowly.
The human is engulfed in dark miasma.
The human looks even sicker.
You sense a monster nearby.
You open the door.
There is an open door here.
Key pressed, stopping explore.
You open the door.
Found Lil Soss's Jewellery Emporium.
Found a stone staircase leading down.
There is an open door here.
There is a stone staircase leading down here.
There is an entrance to Lil Soss's Jewellery Emporium here.
You open the large door.
There is an entrance to Lil Soss's Jewellery Emporium here.
You open the door.
There is an open door here.
Key pressed, stopping explore.
Things that are here:
a +0 robe; a +0 dagger Key pressed, stopping explore.
Key pressed, stopping explore.
Key pressed, stopping explore.
Key pressed, stopping explore.
Done exploring.
Done exploring.
Okay, then.
There is a stone staircase leading down here.
You climb downwards.
There is a stone staircase leading up here.
An ogre comes into view. It is wielding a +0 giant club.
The ogre shouts!
An ogre is nearby!
An ogre is nearby!
The ogre barely misses you.
You barely miss the ogre. You closely miss the ogre.
The ogre hits you with a +0 giant club! 😕 HP[-12]
You take 12 damage, and now have 40/52 hp.
MASSIVE DAMAGE!! (PAUSE)
You barely miss the ogre.
The ogre hits you with a +0 giant club!!
Ouch! That really hurt!
* * * LOW HITPOINT WARNING * * *
😨 HP[-25]
You take 25 damage, and now have 15/52 hp.
MASSIVE DAMAGE!! (PAUSE)
You slash the ogre!
The ogre hits you with a +0 giant club!!
You die...

Skill      XL: |  1  2  3  4  5  6  7 |
---------------+----------------------+-----
Invocations    | 1 2 3 4 5 6 7 |  7.0
Axes           | 3 4 5 |  5.4
Fighting       | |  3.2
Armour         | |  3.2
Shields        | |  4.0

Action                     |  1- 3 |  4- 6 |  7- 9 || total
---------------------------+-------+-------+-------++-------
  Melee: War axe           |   107 |   108 |    64 ||   279
Ability: Dig               |       |     1 |       ||     1
  Evoke: Wand              |       |     4 |       ||     4
    Use: Scroll            |     5 |     3 |     1 ||     9
         Potion            |       |     6 |       ||     6
 Armour: Scale mail        |    40 |    84 |    14 ||   138
  Dodge: Dodged            |    51 |    90 |    25 ||   166
  Block: Buckler           |    32 |    44 |    33 ||   109

Levels and vault maps discovered:
D:1:      dpeg_arrival_circle_labyrinth_a, layout_loops_ring,
          basic_ecumenical_altar, nicolae_wormholes
D:2:      layout_basic, minmay_pentomino_x2
D:3:      minmay_skewed_foursquare, layout_loops_ring, fedhas_altar_3,
          zin_treasury, serial_shops, shop, serial_undead, serial_undead_d,
          serial_undead_b, serial_undead_f, serial_undead_b,
          roderic_roman_lattice
D:4:      cheibrodos_old_hovel, layout_basic,
          mainiacjoe_overflow_small_starburst, tgw_kikubaaqudgha, serial_shops,
          nicolae_shop_hallway_stairs, nicolae_shop_trees, shop,
          nicolae_shop_behind_doors, shop, dreamdust_wishing_well
D:5:      cheibrodos_quashed, layout_basic, nicolae_uskayaw_dance_hall,
          nicolae_qazlal_eye_of_the_storm, kennysheep_slug_shrine, serial_shops,
          nicolae_shop_stone

Notes
Turn   | Place    | Note
-------+----------+-------------------------------------------
     0 | D:1      | ytrimaz the Formicid Fighter began the quest for the Orb.
     0 | D:1      | Reached XP level 1. HP: 18/18 MP: 1/1
     0 | D:1      | magus.rc [v1.9.6]
   161 | D:1      | Reached skill level 1 in Invocations
   179 | D:1      | Reached XP level 2. HP: 24/24 MP: 1/3
   287 | D:1      | Reached skill level 2 in Invocations
   331 | D:1      | Reached XP level 3. HP: 22/29 MP: 4/4
   553 | D:1      | Found a faded altar of an unknown god.
  1547 | D:2      | Reached skill level 3 in Invocations
  1888 | D:3      | Reached XP level 4. HP: 27/35 MP: 6/6
  1990 | D:3      | Reached skill level 3 in Axes
  1990 | D:3      | Reached skill level 4 in Invocations
  2063 | D:3      | Found Dureon's Magic Scroll Shop.
  2073 | D:3      | Bought a scroll of identify for 26 gold pieces
  2073 | D:3      | Bought a scroll of identify for 26 gold pieces
  2073 | D:3      | Bought a scroll of enchant weapon for 97 gold pieces
  2142 | D:3      | Reached XP level 5. HP: 38/41 MP: 8/8
  2347 | D:3      | Reached skill level 5 in Invocations
  2418 | D:3      | Found a blossoming altar of Fedhas.
  2432 | D:3      | Reached XP level 6. HP: 45/47 MP: 9/9
  2572 | D:3      | Identified the +0 scale mail of the Vaults {Dex+5}
  2616 | D:3      | Found a glowing silver altar of Zin.
  2663 | D:4      | Found a glowing golden altar of the Shining One.
  2783 | D:4      | HP: 11/47 [orc/+0 whip (2)]
  2897 | D:4      | Noticed a water moccasin
  2950 | D:3      | Killed a water moccasin
  2951 | D:3      | Reached skill level 4 in Axes
  2951 | D:3      | Reached skill level 6 in Invocations
  3062 | D:3      | HP: 11/47 [acid (2)]
  3065 | D:3      | Reached XP level 7. HP: 10/52 MP: 11/11
  3527 | D:4      | Reached skill level 7 in Invocations
  3615 | D:4      | Found Kaclo's Magic Scroll Boutique.
  3622 | D:4      | Reached skill level 5 in Axes
  3702 | D:4      | Bought a scroll of identify for 26 gold pieces
  3702 | D:4      | Bought a scroll of identify for 26 gold pieces
  3702 | D:4      | Bought a scroll of identify for 26 gold pieces
  3772 | D:4      | Found Saryipn's Antique Armour Shoppe.
  3844 | D:4      | Found Waoczo Muly's Jewellery Shop.
  3891 | D:4      | Found Mierual's Assorted Antiques.
  3959 | D:4      | Found an ancient bone altar of Kikubaaqudgha.
  3962 | D:4      | Noticed a human
  3965 | D:4      | Killed a human
  4021 | D:4      | Found Lil Soss's Jewellery Emporium.
  4188 | D:5      | Entered Level 5 of the Dungeon
  4197 | D:5      | Mangled by an ogre

Vanquished Creatures
  A water moccasin (D:3)
  An ogre (D:4)
  A jelly (D:3)
  A gnoll bouda (D:3)
  2 orc priests
  An iguana (D:4)
  A scorpion zombie (D:3)
  An orc wizard (D:4)
  A hound zombie (D:3)
  A hound skeleton (D:3)
  5 gnolls
  4 adders
  An ufetubus (D:4)
  An adder zombie (D:3)
  A worm (D:1)
  2 dart slugs
  14 orcs
  3 bats (D:3)
  8 endoplasms
  5 giant cockroaches
  9 goblins
  11 hobgoblins
  4 jackals
  3 quokkas
  3 ball pythons
  7 frilled lizards
  10 kobolds
  A quokka skeleton (D:3)
  2 rats
105 creatures vanquished.

Vanquished Creatures (others)
  A human (D:4)
  5 fungi (D:3)
  12 plants
  6 withered plants (D:3)
24 creatures vanquished.

Grand Total: 129 creatures vanquished

Table legend:
 A = Non-vault XP
 B = Vault XP
 C = Vault XP percentage of total XP
 D = Non-vault monster count
 E = Vault monster count
 F = Vault count percentage of total count
                 A         B        C        D         E       F
            +---------+---------+-------+---------+---------+-------
      Total |     766 |     119 |  13.4 |      89 |      16 |  15.2
            +---------+---------+-------+---------+---------+-------
        D:1 |      31 |       6 |  16.2 |      19 |       1 |   5.0
        D:2 |      22 |       3 |  12.0 |      12 |       2 |  14.3
        D:3 |     364 |     108 |  22.9 |      29 |      12 |  29.3
        D:4 |     349 |       2 |   0.6 |      29 |       1 |   3.3
            +---------+---------+-------+---------+---------+-------

Illustrated notes

Table legend:
 A = Kills in this place as a percentage of kills in the entire game.
 B = Kills by you in this place as a percentage of kills by you in the entire game.
 C = Kills by friends in this place as a percentage of kills by friends in the entire game.
 D = Other kills in this place as a percentage of other kills in the entire game.
 E = Experience gained in this place as a percentage of experience gained in the entire game.
 F = Experience gained in this place divided by the number of levels of this place that you have seen.
                   A       B       C       D       E      F
               +-------+-------+-------+-------+-------+----------------------
         Total | 100.0 | 100.0 |   N/A |   N/A | 100.0 | 177.0
       Dungeon | 100.0 | 100.0 |   N/A |   N/A | 100.0 | 177.0
               +-------+-------+-------+-------+-------+----------------------

Table legend: (Time is in decaauts)
 A = Elapsed time spent in this place.
 B = Non-inter-level travel time spent in this place.
 C = Inter-level travel time spent in this place.
 D = Time resting spent in this place.
 E = Time spent auto-exploring this place.
 F = Levels seen in this place.
 G = Mean time per level.
                   A        B        C        D        E       F      G
               +--------+--------+--------+--------+--------+-----+--------+
         Total |   4302 |   4144 |    158 |    560 |   2715 |   5 |  860.4 |
       Dungeon |   4302 |   4144 |    158 |    560 |   2715 |   5 |  860.4 |
               +--------+--------+--------+--------+--------+-----+--------+

Top non-repeatable levels by time:
     D:3: 1482 daAuts
     D:4: 1000 daAuts
     D:1: 935 daAuts
     D:2: 874 daAuts
     D:5: 9 daAuts
